 Dungeon Crawl Stone Soup version 0.27.1-33-g824d729ab1 (webtiles) character file.

Game seed: 11569942207581692357

31 SensoryNuts the Skirmisher (level 3, 0/31 HPs)
             Began as a Draconian Monk on Dec 6, 2021.
             Slain by a black bear (4 damage)
             ... on level 2 of the Dungeon.
             The game lasted 00:01:16 (1339 turns).

SensoryNuts the Skirmisher (Draconian Monk)         Turns: 1339, Time: 00:01:16

Health: 0/31       AC:  5    Str: 14    XL:     3   Next: 7%
Magic:  3/3        EV: 12    Int: 10    God:
Gold:   67         SH:  0    Dex: 13    Spells: 2/2 levels left

rFire    . . .     SeeInvis .   a - +0 spear
rCold    . . .     Faith    .   (no shield)
rNeg     . . .     Spirit   .   (armour unavailable)
rPois    .         Reflect  .   (helmet restricted)
rElec    .         Harm     .   (no cloak)
rCorr    .         Rampage  .   (no gloves)
Will     .....                  (no boots)
Stlth    ++........             (no amulet)
HPRegen  0.10/turn              (no ring)
MPRegen  0.08/turn              (no ring)

@: no status effects
A: AC +5, unfitting armour, cold-blooded
a: no special abilities


You were on level 2 of the Dungeon.
You visited 1 branch of the dungeon, and saw 2 of its levels.

You collected 67 gold pieces.

Inventory:

Hand Weapons
 a - a +0 spear (weapon)
Scrolls
 b - 2 scrolls of teleportation {unknown}
 d - a scroll of blinking {unknown}
 e - a scroll of identify {unknown}
Potions
 c - a potion of magic {unknown}


   Skills:
 + Level 3.6 Fighting
 + Level 3.5 Polearms
 + Level 3.0 Dodging
 + Level 2.1 Stealth


You had 2 spell levels left.
You didn't know any spells.
Your spell library was empty.

Dungeon Overview and Level Annotations

Branches:
Dungeon (2/15)

Altars:

Shops:
D:2 [


Innate Abilities, Weirdness & Mutations

Your plain brown scales are hard. (AC +5)
You cannot fit into any form of body armour.
You are cold-blooded and may be slowed by cold attacks.


Message History

You hit the black bear but do no damage.
The black bear is heavily wounded.
The black bear bites you but does no damage.
The black bear barely misses you. The black bear closely misses you.
You hit the black bear.
The black bear is severely wounded.
The black bear bites you! The black bear barely misses you.
The black bear claws you.
You hit the black bear but do no damage.
The black bear is severely wounded.
The black bear closely misses you. The black bear claws you. x2
You barely miss the black bear.
The black bear is severely wounded.
The black bear bites you. The black bear barely misses you.
The black bear claws you but does no damage.
You hit the black bear but do no damage.
Your tail-slap misses the black bear.
The black bear is severely wounded.
The black bear barely misses you.
The black bear claws you but does no damage. x2
You barely miss the black bear.
Your tail-slap misses the black bear.
The black bear is severely wounded.
The black bear bites you but does no damage.
The black bear claws you.
* * * LOW HITPOINT WARNING * * *
The black bear barely misses you.
You barely miss the black bear.
The black bear is severely wounded.
The black bear closely misses you. The black bear claws you.
* * * LOW HITPOINT WARNING * * *
The black bear closely misses you.
You barely miss the black bear.
The black bear is severely wounded.
The black bear misses you. The black bear barely misses you.
The black bear claws you but does no damage.
You hit the black bear.
The black bear is severely wounded.
The black bear bites you but does no damage.
The black bear claws you.
You die...

#∩##.# ..#.# #.#.# ...#
######..# .......)#
.......h# ......>@#
..!.....# #######.#
########### #.#
#..........
#######'######..........
#............#..........
#............#..........
#............#..........
#............#..........


You could see a black bear.

Vanquished Creatures
  5 ball pythons (D:1)
  An endoplasm (D:1)
  3 goblins (D:1)
  5 hobgoblins
  4 kobolds (D:1)
  2 quokkas (D:1)
  5 bats (D:1)
  4 rats (D:1)
29 creatures vanquished.

Notes
Turn   | Place    | Note
-------+----------+-------------------------------------------
     0 | D:1      | SensoryNuts the Draconian Monk began the quest for the Orb.
     0 | D:1      | Reached XP level 1. HP: 19/19 MP: 1/1
   216 | D:1      | Reached XP level 2. HP: 13/26 MP: 2/2
  1032 | D:1      | Found a faded altar of an unknown god.
  1157 | D:1      | Reached XP level 3. HP: 31/31 MP: 3/3
  1323 | D:2      | Noticed a black bear
  1327 | D:2      | Found Fios's Armour Boutique.
  1339 | D:2      | Slain by a black bear

Illustrated notes

Levels and vault maps discovered:
D:1:      heliophobic_arrival_enchanted_forest, layout_basic,
          ebering_ecumenical_altar_sacrificial
D:2:      layout_basic, serial_shops, shop

Skill      XL: |  1  2 |
---------------+-------+-----
Stealth        | 2 |  2.1
Dodging        | 3 |  3.0
Fighting       | |  3.6
Polearms       | |  3.5

Action                   || total
-------------------------++-------
Melee: Spear             ||   102
       Tailslap          ||     8
 Stab: Sleeping          ||     2
Armor: Skin              ||    72
Dodge: Dodged            ||   182
